 Dungeon Crawl Stone Soup version 0.27-a0-1299-g1ab19c6527 (webtiles) character file.

Game seed: 8782688954060316584

663 bande the Chopper (level 7, -1/44 HPs)
             Began as a Gargoyle Fighter on June 15, 2021.
             Was an Initiate of Okawaru.
             Slain by Pikel (2 damage)
             ... on level 5 of the Dungeon on June 16, 2021.
             The game lasted 00:09:10 (4354 turns).

bande the Chopper (Gargoyle Fighter)                Turns: 4354, Time: 00:09:11

Health: -1/44      AC: 19    Str: 20    XL:     7   Next: 56%
Magic:  8/8        EV:  8    Int:  9    God:    Okawaru [......]
Gold:   803        SH:  9    Dex: 10    Spells: 6/6 levels left

rFire    + . .     SeeInvis .   a - +1 war axe
rCold    . . .     Faith    .   c - +0 kite shield
rNeg     + . .     Spirit   .   h - +3 scale mail {rF+}
rPois    ∞         Reflect  .   l - +0 helmet
rElec    +         Harm     .   j - +2 cloak
rCorr    .         Rampage  .   (no gloves)
Will     +....                  (no boots)
Stlth    ..........             (no amulet)
HPRegen  0.14/turn              k - ring of willpower
MPRegen  0.11/turn              (no ring)

@: no status effects
A: sickness immunity, AC +4, negative energy resistance 1, electricity
resistance, torment resistance 1, petrification resistance
a: Renounce Religion


You were on level 5 of the Dungeon.
You worshipped Okawaru.
Okawaru was noncommittal.
You visited 2 branches of the dungeon, and saw 6 of its levels.

You collected 803 gold pieces.

Inventory:

Hand Weapons
 a - a +1 war axe (weapon)
Armour
 c - a +0 kite shield (worn)
 h - a +3 scale mail of fire resistance (worn)
 j - a +2 cloak (worn)
 l - a +0 helmet (worn)
Jewellery
 k - a ring of willpower (left hand)
 p - the ring of the Sunfish {Fly rPois Will+ Stlth+}
   (You found it on level 5 of the Dungeon)

   [ring of willpower]

   It protects you from poison.
   It grants you flight.
   It increases your willpower.
   It makes you more stealthy.
Scrolls
 f - 5 scrolls of identify
 i - a scroll of fear
 m - 2 scrolls of teleportation
 q - a scroll of enchant armour {unknown}
Potions
 b - a potion of heal wounds {unknown}
 d - a potion of might
 e - a potion of cancellation
 g - 2 potions of mutation {unknown}
 n - 2 potions of invisibility {unknown}
 o - a potion of brilliance {unknown}


   Skills:
 + Level 4.5 Fighting
 + Level 4.9 Axes
 + Level 4.8 Armour
 + Level 1.5 Dodging
 - Level 0.2 Stealth
 + Level 4.7 Shields
 * Level 1.7 Invocations


You had 6 spell levels left.
You didn't know any spells.
Your spell library contained the following spells:

 Spells                   Type           Power      Damage    Failure   Level
 Foxfire                  Conj/Fire      0%         2x1d4     99%         1
 Summon Small Mammal      Summ           0%         N/A       99%         1
 Call Imp                 Summ           0%         N/A       99%         2
 Call Canine Familiar     Summ           0%         N/A       100%        3
 Confusing Touch          Hex            0%         N/A       100%        3
 Conjure Flame            Conj/Fire      0%         6-21      100%        3
 Gell's Gravitas          Tloc           0%         N/A       100%        3
 Inner Flame              Hex/Fire       0%         N/A       100%        3
 Summon Guardian Golem    Hex/Summ       0%         N/A       100%        3
 Petrify                  Tmut/Erth      0%         N/A       100%        4
 Sticky Flame             Conj/Fire      0%         2d3       100%        4
 Summon Ice Beast         Ice/Summ       0%         N/A       100%        4
 Summon Lightning Spire   Summ/Air       0%         N/A       100%        4
 Fireball                 Conj/Fire      0%         3d3       100%        5
 Metabolic Englaciation   Hex/Ice        0%         N/A       100%        5
 Yara's Violent Unravell  Hex/Tmut       0%         3d3       100%        5


Dungeon Overview and Level Annotations

Branches:
Dungeon (5/15)             Temple (1/1) D:4

Altars:
Ashenzari
Cheibriados
Dithmenos
Elyvilon
Fedhas
Gozag
Hepliaklqana
Nemelex Xobeh
Okawaru
Sif Muna
Trog
Uskayaw
Yredelemnul
Zin

Shops:
D:3 !

Annotations:
D:5 Pikel


Innate Abilities, Weirdness & Mutations

You are immune to sickness and miasma.
Your stone body is resilient. (AC +4)
You are immune to poison.
You resist negative energy. (rN+)
You are resistant to electric shocks. (rElec)
You are resistant to unholy torment.
You are immune to petrification.


Message History

That felt strangely unrewarding.
You miss the lemure. The lemure hits you but does no damage.
Pikel hits you but does no damage. The lemure hits you but does no damage.
You closely miss Pikel.
Pikel is heavily wounded.
You barely miss the lemure. Pikel hits you but does no damage.
You block the lemure's attack.
Pikel hits you with a +1 whip of flaming.
Pikel burns you.
You closely miss Pikel.
Pikel is heavily wounded.
You closely miss the lemure. You block the lemure's attack.
You block Pikel's attack.
You barely miss Pikel.
Pikel is heavily wounded.
You miss the lemure. The lemure barely misses you. You block Pikel's attack.
The lemure hits you. You block Pikel's attack.
You hit Pikel.
Pikel is severely wounded.
You closely miss the lemure. The lemure barely misses you.
Pikel barely misses you.
You closely miss Pikel.
Pikel is severely wounded.
You slash the lemure! The lemure closely misses you.
Pikel hits you with a +1 whip of flaming.
* * * LOW HITPOINT WARNING * * *
The lemure hits you but does no damage. Pikel misses you.
Unknown command.
You hit Pikel but do no damage.
Pikel is severely wounded.
You closely miss the lemure. The lemure hits you but does no damage.
Pikel hits you but does no damage.
You closely miss Pikel.
Pikel is severely wounded.
You closely miss the lemure. The lemure hits you but does no damage.
Pikel hits you but does no damage. The lemure barely misses you.
Pikel hits you with a +1 whip of flaming!
* * * LOW HITPOINT WARNING * * *
Pikel burns you.
You die...

..........#
#..........#.##..#
..........#
##.#.#######.##..#
.....###### #...#
#.##..# .....#
#...# #.##..#
.....# #...#
#.##..# ######
#...#######.#
#...........#
#.5>........#
#@#........##
#K#........#
#5#........#
#5.........#
#.......####
#.......# #...5.
#.....# #......


You could see Pikel and 3 lemures.

Vanquished Creatures
  A necrophage (D:5)
  An ogre (D:4)
  A lemure (D:5)
  A phantom (D:5)
  A bullfrog (D:4)
  A scorpion (D:4)
  Crazy Yiuf (D:2)
  A centaur skeleton (D:5)
  A hound (D:5)
  Terence (D:2)
  2 iguanas (D:5)
  3 adders
  A howler monkey skeleton (D:4)
  A dart slug (D:4)
  2 orcs (D:5)
  6 endoplasms
  4 giant cockroaches
  8 goblins
  2 hobgoblins (D:4)
  18 jackals
  8 kobolds
  4 quokkas
  12 ball pythons
  8 bats
  4 frilled lizards
  3 rats
96 creatures vanquished.

Vanquished Creatures (others)
  6 plants (D:4)
6 creatures vanquished.

Grand Total: 102 creatures vanquished

Notes
Turn   | Place    | Note
-------+----------+-------------------------------------------
     0 | D:1      | bande the Gargoyle Fighter began the quest for the Orb.
     0 | D:1      | Reached XP level 1. HP: 14/14 MP: 1/1
    68 | D:1      | Reached XP level 2. HP: 19/19 MP: 2/2
   368 | D:1      | Reached XP level 3. HP: 20/23 MP: 3/3
   656 | D:2      | Noticed Terence
   665 | D:2      | Killed Terence
   715 | D:2      | Reached XP level 4. HP: 29/29 MP: 4/4
  1244 | D:2      | Found a runed translucent door.
  1245 | D:2      | Noticed Crazy Yiuf
  1466 | D:2      | Killed Crazy Yiuf
  1738 | D:3      | Upgraded the game from 0.27-a0-1291-geefcff550b to
                  | 0.27-a0-1299-g1ab19c6527
  1786 | D:3      | Found a broken altar of Ashenzari.
  1828 | D:3      | Found a white marble altar of Elyvilon.
  1891 | D:3      | Found a faded altar of an unknown god.
  2158 | D:3      | Reached XP level 5. HP: 29/33 MP: 5/5
  2381 | D:3      | Found Jiedghys's Distillery.
  2694 | D:4      | Reached skill level 1 in Dodging
  2813 | D:4      | Identified a scroll of acquirement
  2813 | D:4      | Acquired 672 gold pieces
  2833 | D:4      | Reached XP level 6. HP: 38/38 MP: 6/6
  3010 | D:4      | Found a staircase to the Ecumenical Temple.
  3016 | Temple   | Entered the Ecumenical Temple
  3273 | Temple   | Became a worshipper of Warmaster Okawaru
  3516 | D:5      | Entered Level 5 of the Dungeon
  3809 | D:5      | Found a snail-covered altar of Cheibriados.
  3867 | D:5      | Reached XP level 7. HP: 44/44 MP: 7/7
  3869 | D:5      | Reached skill level 1 in Invocations
  4259 | D:5      | Identified the ring of the Sunfish {Fly rPois Will+ Stlth+}
  4327 | D:5      | Noticed Pikel
  4354 | D:5      | HP: 1/44 [Pikel (8)]
  4354 | D:5      | Slain by Pikel

Illustrated notes

Levels and vault maps discovered:
D:1:      roderic_chinese_lattice_arrival, layout_basic
D:2:      layout_basic, grunt_ministairs_6, uniq_crazy_yiuf_cottage,
          uniq_terence
D:3:      layout_rooms, nicolae_elyvilon_peaceful_grove, lemuel_doored_altar,
          serial_shops, shop, shapermc_ecumenical_altar_totnotflames,
          kennysheep_small_spiral
D:4:      layout_rooms, minmay_temple_entry_gardened_gates, serial_glass,
          glass_columns_a, glass_columns_c, glass_columns_a, glass_columns_b,
          glass_columns_b, glass_columns_a, item_on_display_a, item_on_display_a
D:5:      layout_basic, cheibriados_altar_1, dk_noncrumbling_4, uniq_pikel
Temple:   minmay_temple_forest_path

Skill      XL: |  1  2  3  4  5  6  7 |
---------------+----------------------+-----
Axes           | 2 3 4 |  4.9
Fighting       | 4 |  4.5
Shields        | 4 |  4.7
Armour         | 4 |  4.8
Dodging        | 1 |  1.5
Invocations    | 1 |  1.7
Stealth        | |  0.2

Action                   |  1- 3 |  4- 6 |  7- 9 || total
-------------------------+-------+-------+-------++-------
Melee: War axe           |    83 |   171 |    58 ||   312
  Use: Scroll            |     3 |     3 |       ||     6
       Potion            |     1 |       |       ||     1
Armor: Scale mail        |    45 |   115 |    47 ||   207
Dodge: Dodged            |    29 |    70 |    22 ||   121
Block: Kite shield       |    49 |   122 |    43 ||   214

Table legend: (Time is in decaauts)
 A = Elapsed time spent in this place.
 B = Non-inter-level travel time spent in this place.
 C = Inter-level travel time spent in this place.
 D = Time resting spent in this place.
 E = Time spent auto-exploring this place.
 F = Levels seen in this place.
 G = Mean time per level.
                   A        B        C        D        E       F      G
               +--------+--------+--------+--------+--------+-----+--------+
         Total |   4516 |   4368 |    148 |    353 |   3101 |   6 |  752.7 |
       Dungeon |   4175 |   4106 |     69 |    353 |   2853 |   5 |  835.0 |
        Temple |    340 |    261 |     79 |      0 |    248 |   1 |  340.0 |
               +--------+--------+--------+--------+--------+-----+--------+

Top non-repeatable levels by time:
     D:2: 1128 daAuts
     D:3: 896 daAuts
     D:5: 762 daAuts
     D:4: 734 daAuts
     D:1: 653 daAuts
  Temple: 340 daAuts
